 Dungeon Sprint DCSS version 0.30.1-9-gdf580d7c3d (webtiles) character file.

Game seed: 2505355517535249074

1804 Heoruswealwe the Impaler (level 8, -6/85 HPs)
             Began as a Minotaur Fighter on Oct 4, 2023.
             Was an Initiate of Gozag.
             Hit by a large rock thrown by a cyclops (48 damage)
             ... in the Dungeon (Sprint IX: "|||||||||||||||||||||||||||||").
             The game lasted 00:04:15 (208 turns).

Heoruswealwe the Impaler (Minotaur Fighter)          Turns: 208, Time: 00:04:16

Health: -6/85      AC: 12    Str: 24    XL:     8   Next: 83%
Magic:  7/7        EV: 10    Int:  5    God:    Gozag
Gold:   504        SH:  0    Dex:  9    Spells: 7/7 levels left

rFire   . . .        b - +2 halberd (venom)
rCold   . . .        (shield currently unavailable)
rNeg    . . .        c - +0 scale mail
rPois   .            (helmet restricted)
rElec   .            (no cloak)
rCorr   .            f - +0 pair of gloves
SInv    .            e - +0 pair of boots
Will    .....        (no amulet) Stlth
                     (no ring)
HPRegen 0.34/turn    (no ring)
MPRegen 0.10/turn

%: no teleportation
@: gold aura
A: horns 2, retaliatory headbutt
a: Renounce Religion, Potion Petition, Call Merchant, Bribe Branch


You were in the Dungeon.
You worshipped Gozag.
Gozag was pleased with you.
You visited 1 branch You collected 504 gold pieces.

Inventory:

Hand Weapons
 a - a +0 trident
 b - a +2 halberd of venom (weapon)
Armour
 c - a +0 scale mail (worn)
 d - a +0 buckler
 e - a +0 pair of boots (worn)
 f - a +0 pair of gloves (worn)
Wands
 h - a wand of roots (10)
Scrolls
 j - 2 scrolls of blinking
Potions
 g - a potion of haste
 i - a potion of berserk rage
 k - a potion of might
 l - 4 potions of curing
 m - 3 potions of heal wounds


   Skills:
 + Level 12.4 Fighting
 * Level 16.6 Polearms
 + Level 12.4 Armour
 - Level 3.6 Shields


You had 7 spell levels left.
You didn't know any spells.
Your spell library was empty.

Dungeon Overview and Level Annotations

Branches:
Dungeon (1/1)

Altars:
Cheibriados
Dithmenos
Elyvilon
Fedhas
Gozag
Hepliaklqana
Kikubaaqudgha
Makhleb
Nemelex Xobeh
Okawaru
Qazlal
Ru
Sif Muna
Trog
Uskayaw
Vehumet
Wu Jian
Xom
Yredelemnul
Zin
The Shining One
Jiyva
Lugonu


Innate Abilities, Weirdness & Mutations

You have a pair of horns on your head.
You reflexively headbutt those who attack you in melee.


Message History

The centaur warrior unwields a +0 longbow.
The centaur warrior hits you!
The centaur warrior kicks you but does no damage.
There is an open door here.
You slice the centaur warrior!!
The centaur warrior looks as sick as possible!
The centaur warrior is moderately wounded.
The centaur warrior hits you. The centaur warrior kicks you.
The tengu conjurer mumbles some strange words.
Nothing appears to happen.
You slash the centaur warrior!
The centaur warrior looks as sick as possible!
You headbutt the centaur warrior.
The centaur warrior is severely wounded.
The centaur warrior hits you!
The centaur warrior kicks you but does no damage.
You closely miss the centaur warrior. You headbutt the centaur warrior.
The centaur warrior is almost dead.
You kill the centaur warrior!
Your Fighting skill increases to level 12!
Your Polearms skill increases to level 16!
Your Armour skill increases to level 12!
You hit the troll but do no damage.
The troll is poisoned.
Your headbutt misses the troll. You impale the troll!!
The troll looks as sick as possible!
You headbutt the troll.
The troll is severely wounded.
The troll bites you! The troll completely misses you.
The troll closely misses you.
You hit the troll.
The troll looks as sick as possible!
You headbutt the troll.
The troll is almost dead.
The troll misses you. The troll barely misses you.
The troll claws you but does no damage.
You hit the troll.
You kill the troll!
The troll's shape twists and changes as it dies.
The cyclops throws a large rock.
The large rock hits you!!!
Ouch! That really hurt!
You die...
Your body crumbles into a pile of gold.

▓.▓
▓)▓
$ $
▓.▓
$
▓)▓
$
▓.▓
$
▓.▓
$ $
▓.▓
$
▓.▓
$
▓@▓
▓$▓
▓C▓
▓Q▓
▓T▓
▓.▓
▓R▓
▓+▓


You could see a cyclops, a troll, an efreet and a tengu conjurer.

Vanquished Creatures
  A centaur warrior (D)
  A two-headed ogre (D)
  A troll (shapeshifter) (D)
  A hornet (D)
  A vampire (D)
  A black bear (D)
  A centaur (D)
  A scorpion (D)
  A wight (D)
  An orc wizard (D)
  An adder (D)
  An orc (D)
  2 ball pythons (D)
  2 goblins (D)
  A jackal (D)
  A quokka (D)
18 creatures vanquished.

Notes
Turn   | Place    | Note
-------+----------+-------------------------------------------
     0 | D        | Heoruswealwe the Minotaur Fighter began the quest for the
                  | Orb.
     0 | D        | Reached XP level 1. HP: 19/19 MP: 0/0
     6 | D        | Reached skill level 3 in Polearms
    16 | D        | Reached skill level 4 in Polearms
    22 | D        | Noticed a black bear
    22 | D        | Noticed a scorpion
    23 | D        | Reached XP level 2. HP: 28/28 MP: 1/1
    32 | D        | Killed a black bear
    33 | D        | Reached skill level 8 in Polearms
    33 | D        | Reached XP level 3. HP: 27/38 MP: 2/2
    33 | D        | Reached XP level 4. HP: 32/45 MP: 3/3
    45 | D        | Killed a scorpion
    46 | D        | Reached skill level 9 in Polearms
    46 | D        | Reached XP level 5. HP: 34/52 MP: 4/4
    51 | D        | Found a snail-covered altar of Cheibriados.
    51 | D        | Found a shadowy altar of Dithmenos.
    51 | D        | Found a white marble altar of Elyvilon.
    51 | D        | Found a blossoming altar of Fedhas.
    51 | D        | Found an opulent altar of Gozag.
    52 | D        | Found a hazy altar of Hepliaklqana.
    53 | D        | Found a viscous altar of Jiyva.
    54 | D        | Found an ancient bone altar of Kikubaaqudgha.
    55 | D        | Found a corrupted altar of Lugonu.
    56 | D        | Found a burning altar of Makhleb.
    57 | D        | Found a sparkling altar of Nemelex Xobeh.
    58 | D        | Found an iron altar of Okawaru.
    59 | D        | Became a worshipper of Gozag Ym Sagoz the Greedy
    60 | D        | Found a stormy altar of Qazlal.
    61 | D        | Found a sacrificial altar of Ru.
    62 | D        | Found a shimmering blue altar of Sif Muna.
    63 | D        | Found a bloodstained altar of Trog.
    64 | D        | Found a hide-covered altar of Uskayaw.
    65 | D        | Found a radiant altar of Vehumet.
    66 | D        | Found an ornate altar of the Wu Jian Council.
    67 | D        | Found a shimmering altar of Xom.
    68 | D        | Found a basalt altar of Yredelemnul.
    69 | D        | Found a glowing silver altar of Zin.
    70 | D        | Found a glowing golden altar of the Shining One.
   139 | D        | Noticed a hornet
   139 | D        | Noticed a two-headed ogre
   139 | D        | Noticed a centaur
   139 | D        | Noticed a vampire
   142 | D        | Killed a hornet
   143 | D        | Reached skill level 11 in Polearms
   143 | D        | Reached XP level 6. HP: 63/63 MP: 5/5
   147 | D        | Killed a two-headed ogre
   148 | D        | Reached skill level 10 in Fighting
   148 | D        | Reached skill level 14 in Polearms
   148 | D        | Reached skill level 10 in Armour
   148 | D        | Reached XP level 7. HP: 73/73 MP: 6/6
   160 | D        | Reached XP level 8. HP: 80/82 MP: 7/7
   167 | D        | Reached skill level 15 in Polearms
   200 | D        | Noticed a centaur warrior
   200 | D        | Noticed a troll
   200 | D        | Noticed a cyclops
   200 | D        | Noticed a tengu conjurer
   200 | D        | Noticed a troll
   200 | D        | Noticed an efreet
   204 | D        | Killed a centaur warrior
   205 | D        | Reached skill level 16 in Polearms
   208 | D        | Killed a troll
   208 | D        | Hit by a large rock thrown by a cyclops

Illustrated notes

Levels and vault maps discovered:
D:        linesprint [early_d, line_temple, items_1, d_10, items_2, lair_1,
          lair_end, items_3, orc_1, orc_end, items_4, d_15, swamp_1, shoals_1,
          snake_1, spider_1, d_20, vaults_1, items_5, swamp_end, shoals_end,
          snake_end, spider_end, vaults_end, d_27, items_6, zot_1, zot_end,
          crypt_end, forest_end, elf_end, slime_end, tomb_end, abyss_end,
          pan_hell_end]

Skill      XL: |  1  2  3  4  5  6  7  8 |
---------------+-------------------------+-----
Polearms       | 4 8 9 11 14 16 | 16.6
Fighting       | 4 6 7 9 10 11 12 | 12.4
Armour         | 4 6 7 8 10 11 12 | 12.4
Shields        | |  3.6

Action                     |  1- 3 |  4- 6 |  7- 9 || total
---------------------------+-------+-------+-------++-------
  Melee: Trident           |    20 |    12 |       ||    32
         Headbutt          |     5 |     5 |     9 ||    19
         Halberd           |       |     8 |    24 ||    32
    Use: Potion            |       |     1 |       ||     1
 Armour: Scale mail        |     8 |     8 |    14 ||    30
  Dodge: Dodged            |    12 |     8 |    15 ||    35
  Block: Buckler           |     9 |     2 |       ||    11
